[Event "DFMMLV 2024"]
[Site "Braunfels"]
[Date "2024.05.31"]
[Round "3.34"]
[White "Von Herman, Brigitte"]
[Black "Albayrak, Berrak"]
[Result "1/2-1/2"]
[ECO "B07"]
[WhiteElo "1922"]
[BlackElo "1850"]
[Annotator "NA RC"]
[PlyCount "80"]
[EventDate "2024.05.30"]
[EventType "team-tourn"]
[EventCountry "GER"]
[SourceTitle "playchess.com"]
[Source "ChessBase"]
[SourceQuality "1"]
[TimeControl "40/5400+30:1800+30"]

1. e4 d6 2. Nc3 Nf6 3. f4 g6 4. Nf3 Bg7 5. Bc4 O-O 6. d3 c6 7. O-O e5 8. fxe5 dxe5 9. Qe1 b5 10. Bb3 Nbd7 11. Bg5 Nc5 12. Qf2 Nxb3 13. axb3 Ng4 14. Bxd8 Nxf2 15. Bb6 Nh3+ 16. Kh1 Nf4 17. Bxa7 Bg4 18. Bc5 Bxf3 19. gxf3 Rfd8 20. Ra3 Bf8 21. Bxf8 Kxf8 22. Rfa1 Rac8 23. Ra7 Ne6 24. Kg2 Nd4 25. Rc1 Rd6 26. Rb7 Rf6 27. Nd1 Rxf3 28. b4 Rd8 29. Nf2 Rf4 30. c3 Ne6 31. Ra1 h5 32. Ra6 Rf6 33. Kg1 Nf4 34. Rxb5 Nxd3 35. Nxd3 Rxd3 36. Rxe5 Rd1+ 37. Kg2 Rd2+ 38. Kg1 Rd1+ 39. Kg2 Rd2+ 40. Kg1 Rd1+ 1/2-1/2

[Event "DFMMLV 2024"]
[Site "Braunfels"]
[Date "2024.05.31"]
[Round "3.35"]
[White "Bauer, Laura Sophie"]
[Black "Skogvall, Martina"]
[Result "1/2-1/2"]
[ECO "B19"]
[WhiteElo "1874"]
[BlackElo "1952"]
[Annotator "NA RC"]
[PlyCount "90"]
[EventDate "2024.05.30"]
[EventType "team-tourn"]
[EventCountry "GER"]
[SourceTitle "playchess.com"]
[Source "ChessBase"]
[SourceQuality "1"]
[TimeControl "40/5400+30:1800+30"]

1. e4 c6 2. d4 d5 3. Nc3 dxe4 4. Nxe4 Bf5 5. Ng3 Bg6 6. h4 h6 7. Nf3 Nd7 8. Bd3 Bxd3 9. Qxd3 e6 10. Bf4 Qa5+ 11. Bd2 Bb4 12. c3 Be7 13. c4 Qc7 14. O-O-O O-O-O 15. Ne4 Ngf6 16. Bc3 Qf4+ 17. Nfd2 Ne5 18. Qe2 Nxe4 19. dxe5 Nxf2 20. Rdf1 Bc5 21. Rh3 Qf5 22. Rf3 Nd3+ 23. Kb1 Nf4+ 24. Qe4 g5 25. g3 Qxe4+ 26. Nxe4 Nd3 27. Kc2 Nb4+ 28. Bxb4 Bxb4 29. Rxf7 Rd4 30. Kb3 a5 31. a3 Rxe4 32. axb4 Rxe5 33. Re7 Rf5 34. Rd1 Rd8 35. Rxd8+ Kxd8 36. Rxe6 Rf3+ 37. Ka4 Rxg3 38. Rxh6 g4 39. Rg6 axb4 40. Kxb4 Ke7 41. Rg7+ Kd6 42. h5 c5+ 43. Ka4 Ke5 44. h6 Rh3 45. Rxg4 Rxh6 1/2-1/2

[Event "DFMMLV 2024"]
[Site "Braunfels"]
[Date "2024.05.31"]
[Round "3.36"]
[White "Fock, Amina"]
[Black "Ankerst, Milka"]
[Result "1-0"]
[ECO "B31"]
[WhiteElo "1932"]
[BlackElo "1954"]
[Annotator "NA RC"]
[PlyCount "91"]
[EventDate "2024.05.30"]
[EventType "team-tourn"]
[EventCountry "GER"]
[SourceTitle "playchess.com"]
[Source "ChessBase"]
[SourceQuality "1"]
[TimeControl "40/5400+30:1800+30"]

1. e4 c5 2. Nf3 Nc6 3. Bb5 g6 4. Bxc6 dxc6 5. d3 Bg7 6. a4 b6 7. a5 Bg4 8. h3 Bxf3 9. Qxf3 Nf6 10. O-O O-O 11. Re1 e5 12. Nd2 Qe7 13. Nc4 Rab8 14. Qg3 Nd7 15. axb6 axb6 16. Ra7 Qe6 17. Bd2 Ra8 18. Rxd7 b5 19. Rd6 Qe7 20. Rxc6 bxc4 21. dxc4 Qd7 22. Rxc5 Qxd2 23. Qe3 Qxc2 24. Re2 Ra1+ 25. Kh2 Qd1 26. Qd2 Qf1 27. Kg3 Bh6 28. Qc2 Bf4+ 29. Kf3 Rd8 30. Rd5 Rc8 31. c5 Rc1 32. Qb3 R8xc5 33. Rd7 R1c4 34. Rd1 Qxd1 35. Qxd1 Rd4 36. Qb3 Rcc4 37. Qb8+ Kg7 38. g3 Rb4 39. Qe8 Rd3+ 40. Kg2 Bg5 41. Qxe5+ Bf6 42. Qc7 Bxb2 43. e5 Rc3 44. Qe7 Ba3 45. Qf6+ Kg8 46. e6 1-0

[Event "DFMMLV 2024"]
[Site "Braunfels"]
[Date "2024.05.31"]
[Round "3.37"]
[White "Reich, Elisabeth"]
[Black "Guder, Sibylle"]
[Result "1/2-1/2"]
[ECO "B50"]
[WhiteElo "1797"]
[BlackElo "1933"]
[Annotator "NA RC"]
[PlyCount "62"]
[EventDate "2024.05.30"]
[EventType "team-tourn"]
[EventCountry "GER"]
[SourceTitle "playchess.com"]
[Source "ChessBase"]
[SourceQuality "1"]
[TimeControl "40/5400+30:1800+30"]

1. e4 c5 2. Nf3 d6 3. c3 Nf6 4. Bb5+ Bd7 5. Bxd7+ Nbxd7 6. d3 g6 7. O-O Bg7 8. Nbd2 O-O 9. Re1 b5 10. d4 Qc7 11. Nf1 cxd4 12. cxd4 Rac8 13. Bg5 Qc2 14. Qxc2 Rxc2 15. Rab1 h6 16. Ne3 Rc7 17. Bxf6 Nxf6 18. e5 dxe5 19. dxe5 Nh7 20. Nd5 Rb7 21. e6 fxe6 22. Rxe6 Kf7 23. Rbe1 Bf6 24. R6e2 Rd8 25. Ne5+ Bxe5 26. Rxe5 Rdd7 27. h3 Nf6 28. Nc3 Rd2 29. Rxb5 Rxb5 30. Nxb5 Rxb2 31. Nxa7 Rxa2 1/2-1/2

[Event "DFMMLV 2024"]
[Site "Braunfels"]
[Date "2024.05.31"]
[Round "3.38"]
[White "Mazurtsova, Margarita"]
[Black "Spiel, Marianne"]
[Result "1-0"]
[ECO "D45"]
[WhiteElo "1779"]
[BlackElo "1890"]
[Annotator "NA RC"]
[PlyCount "101"]
[EventDate "2024.05.30"]
[EventType "team-tourn"]
[EventCountry "GER"]
[SourceTitle "playchess.com"]
[Source "ChessBase"]
[SourceQuality "1"]
[TimeControl "40/5400+30:1800+30"]

1. c4 Nf6 2. Nc3 e6 3. Nf3 d5 4. e3 c6 5. d4 Bd6 6. Be2 Nbd7 7. O-O O-O 8. b3 Re8 9. Bb2 e5 10. cxd5 cxd5 11. dxe5 Nxe5 12. Nxd5 Bg4 13. Nxf6+ Qxf6 14. Nxe5 Bxe2 15. Qxe2 Bxe5 16. Bxe5 Qxe5 17. Rac1 f5 18. Qc4+ Kf8 19. Qb4+ Qe7 20. Qf4 Qe5 21. Qb4+ Qe7 22. Qb5 g6 23. Rfd1 a6 24. Qb6 Rac8 25. h3 Kf7 26. Qa5 Red8 27. Rxd8 Rxc1+ 28. Kh2 Qc7+ 29. Qxc7+ Rxc7 30. Kg3 Ke7 31. Rd2 h6 32. Kf3 Ke6 33. g4 fxg4+ 34. hxg4 Rc5 35. Kg3 h5 36. gxh5 Rxh5 37. Rd4 b5 38. b4 Rf5 39. Rd8 Ke7 40. Rb8 Rf6 41. Rb7+ Kf8 42. e4 Rc6 43. f3 Rd6 44. Rc7 Re6 45. Kg4 Kg8 46. Kf4 Kf8 47. e5 Ke8 48. Ke4 Kf8 49. f4 Ke8 50. Kd5 Rb6 51. Rc6 1-0

[Event "DFMMLV 2024"]
[Site "Braunfels"]
[Date "2024.05.31"]
[Round "3.39"]
[White "Neumeier, Valentina"]
[Black "Bazzazi, Elnaz"]
[Result "1/2-1/2"]
[ECO "B25"]
[WhiteElo "1802"]
[BlackElo "1840"]
[Annotator "NA RC"]
[PlyCount "61"]
[EventDate "2024.05.30"]
[EventType "team-tourn"]
[EventCountry "GER"]
[SourceTitle "playchess.com"]
[Source "ChessBase"]
[SourceQuality "1"]
[TimeControl "40/5400+30:1800+30"]

1. e4 c5 2. Nc3 Nc6 3. g3 g6 4. Bg2 Bg7 5. d3 d6 6. Nge2 Nh6 7. h3 O-O 8. Be3 f5 9. Qd2 Nf7 10. h4 h5 11. Nf4 Kh7 12. exf5 Bxf5 13. O-O Rb8 14. Rab1 Nd4 15. Ne4 b5 16. c3 Ne6 17. Nd5 Ne5 18. Bg5 Rf7 19. Qe2 Nc7 20. Ne3 Bc8 21. Bf4 Nd5 22. Bxe5 dxe5 23. Bh3 Nf6 24. Kh2 Qc7 25. b4 cxb4 26. cxb4 Nxe4 27. dxe4 Bh6 28. Qd1 Bxh3 29. Kxh3 Rbf8 30. Qe1 Qd7+ 31. Kg2 1/2-1/2

[Event "DFMMLV 2024"]
[Site "Braunfels"]
[Date "2024.05.31"]
[Round "3.41"]
[White "Peschel, Julia"]
[Black "Miljkovic, Jovana"]
[Result "1/2-1/2"]
[ECO "B22"]
[WhiteElo "1736"]
[BlackElo "2026"]
[Annotator "RC"]
[PlyCount "177"]
[EventDate "2024.05.30"]
[EventType "team-tourn"]
[EventCountry "GER"]
[SourceTitle "playchess.com"]
[Source "ChessBase"]
[SourceQuality "1"]
[TimeControl "40/5400+30:1800+30"]

1. e4 c5 2. c3 Nf6 3. e5 Nd5 4. d4 cxd4 5. Nf3 Nc6 6. cxd4 g6 7. Bc4 Nb6 8. Bb3 Bg7 9. O-O O-O 10. Re1 Na5 11. Bc2 d6 12. Nc3 Nc6 13. Bf4 dxe5 14. dxe5 Bg4 15. h3 Qxd1 16. Bxd1 Bf5 17. Bb3 Nb4 18. Re2 Nd3 19. Bg3 Nc5 20. Bc2 Bxc2 21. Rxc2 Rfd8 22. Nb5 Nbd7 23. Rd1 Bh6 24. Nc7 Rac8 25. Nd5 Kf8 26. Bh4 f6 27. Nxf6 exf6 28. e6 Nxe6 29. Rxc8 Rxc8 30. Rxd7 Bf4 31. Bg3 Bxg3 32. fxg3 Rc1+ 33. Kh2 Rc7 34. Rxc7 Nxc7 35. g4 Ke7 36. Kg3 Kd6 37. Kf4 Kd5 38. Ke3 Ne6 39. h4 h6 40. g3 Nc5 41. Nd2 b5 42. b4 Nd7 43. a3 Ne5 44. Kf4 Kd4 45. h5 Nd3+ 46. Kf3 g5 47. Nb3+ Kd5 48. Ke3 Ne5 49. Nc5 Nxg4+ 50. Kd2 Ne5 51. Kc3 f5 52. Na6 Kd6 53. Nc5 Ng4 54. Nb3 f4 55. gxf4 gxf4 56. Nd4 a6 57. Kd3 Kd5 58. Nb3 Ne5+ 59. Ke2 Nc4 60. Nc5 Nxa3 61. Nxa6 Ke5 62. Kf3 Nc2 63. Nc7 Nd4+ 64. Kf2 Ke4 65. Ne8 Kf5 66. Kg2 Kg5 67. Ng7 Kg4 68. Kf2 f3 69. Kf1 Kg3 70. Kg1 Kf4 71. Kf2 Ke4 72. Ne8 Kf4 73. Ng7 Kg5 74. Kg3 Kf6 75. Ne8+ Ke5 76. Kf2 Ke4 77. Ng7 Nc6 78. Ne8 Nxb4 79. Nd6+ Kf4 80. Nxb5 Nd3+ 81. Kf1 Ke3 82. Nd6 f2 83. Nf5+ Kf3 84. Nxh6 Ne5 85. Nf5 Ng4 86. Nh4+ Ke3 87. Ng2+ Kf3 88. Nh4+ Ke3 89. Ng2+ 1/2-1/2

[Event "DFMMLV 2024"]
[Site "Braunfels"]
[Date "2024.05.31"]
[Round "3.46"]
[White "Grabowski, Petra"]
[Black "Lerch, Cornelia"]
[Result "1-0"]
[ECO "D38"]
[WhiteElo "1791"]
[BlackElo "1847"]
[Annotator "NA RC"]
[PlyCount "59"]
[EventDate "2024.05.30"]
[EventType "team-tourn"]
[EventCountry "GER"]
[SourceTitle "playchess.com"]
[Source "ChessBase"]
[SourceQuality "1"]
[TimeControl "40/5400+30:1800+30"]

1. d4 Nf6 2. c4 e6 3. Nf3 d5 4. Nc3 Bb4 5. Bg5 O-O 6. e3 h6 7. Bh4 Re8 8. Qc2 c5 9. a3 Bxc3+ 10. Qxc3 cxd4 11. Qxd4 Nc6 12. Qd2 Ne4 13. Bxd8 Nxd2 14. Nxd2 Rxd8 15. cxd5 exd5 16. Rd1 Bf5 17. Nf3 Rac8 18. Bd3 Bg4 19. Be2 Na5 20. Nd4 Bxe2 21. Kxe2 Nc4 22. Rc1 a6 23. Rc2 b5 24. Rhc1 Kf8 25. b3 Nb6 26. Rc6 Rxc6 27. Rxc6 Rb8 28. Nf5 h5 29. Nd6 Ke7 30. Rxb6 1-0

[Event "DFMMLV 2024"]
[Site "Braunfels"]
[Date "2024.05.31"]
[Round "3.50"]
[White "Skibbe, Diana"]
[Black "Noll, Sonja"]
[Result "1-0"]
[ECO "B00"]
[WhiteElo "1942"]
[BlackElo "1837"]
[Annotator "NA RC"]
[PlyCount "49"]
[EventDate "2024.05.30"]
[EventType "team-tourn"]
[EventCountry "GER"]
[SourceTitle "playchess.com"]
[Source "ChessBase"]
[SourceQuality "1"]
[TimeControl "40/5400+30:1800+30"]

1. e4 b6 2. d4 Bb7 3. Bd3 e6 4. Nf3 c5 5. c3 g6 6. O-O Bg7 7. Nbd2 Nf6 8. e5 Nd5 9. Ne4 Qc7 10. Nd6+ Ke7 11. a3 Kf8 12. Be4 Nc6 13. Ng5 f5 14. Bxd5 exd5 15. Bf4 h6 16. Ngf7 Rh7 17. Qd3 Ne7 18. Qh3 Ng8 19. Rac1 Ke7 20. Rfe1 Rf8 21. e6 dxe6 22. Nxf5+ Kf6 23. Bxc7 gxf5 24. Ne5 Rc8 25. Qh4# 1-0

[Event "DFMMLV 2024"]
[Site "Braunfels"]
[Date "2024.05.31"]
[Round "3.51"]
[White "Ramm, Madlen"]
[Black "Dietrich, Mareike"]
[Result "1-0"]
[ECO "C45"]
[WhiteElo "1830"]
[BlackElo "1855"]
[Annotator "NA RC"]
[PlyCount "59"]
[EventDate "2024.05.30"]
[EventType "team-tourn"]
[EventCountry "GER"]
[SourceTitle "playchess.com"]
[Source "ChessBase"]
[SourceQuality "1"]
[TimeControl "40/5400+30:1800+30"]

1. e4 e5 2. Nf3 Nc6 3. d4 exd4 4. Nxd4 Ne5 5. Be3 Nf6 6. f3 Bb4+ 7. c3 Ba5 8. Nd2 O-O 9. Nc4 Nxc4 10. Bxc4 Bb6 11. Qb3 d6 12. O-O-O Qe7 13. g4 Nd7 14. h4 Ne5 15. Be2 Be6 16. Qc2 Rac8 17. Kb1 Bc4 18. g5 Bxe2 19. Qxe2 g6 20. h5 Bxd4 21. Rxd4 f5 22. gxf6 Qxf6 23. f4 Nc6 24. Rdd1 Qe6 25. Bc1 Rce8 26. Rde1 d5 27. Qh2 Kf7 28. hxg6+ Qxg6 29. Rhg1 Qe6 30. Qxh7+ 1-0

[Event "DFMMLV 2024"]
[Site "Braunfels"]
[Date "2024.05.31"]
[Round "3.52"]
[White "Ulrich, Helena Irene"]
[Black "Weinmann, Helene"]
[Result "0-1"]
[ECO "B40"]
[WhiteElo "1819"]
[BlackElo "1655"]
[Annotator "NA RC"]
[PlyCount "126"]
[EventDate "2024.05.30"]
[EventType "team-tourn"]
[EventCountry "GER"]
[SourceTitle "playchess.com"]
[Source "ChessBase"]
[SourceQuality "1"]
[TimeControl "40/5400+30:1800+30"]

1. e4 c5 2. Nc3 a6 3. g3 b5 4. Bg2 Bb7 5. d3 e6 6. Nf3 d5 7. exd5 exd5 8. O-O Nf6 9. Re1+ Be7 10. Bd2 O-O 11. a3 Nc6 12. Ne2 d4 13. Nf4 Qc7 14. Ng5 Nd8 15. Bxb7 Qxb7 16. Qf3 Re8 17. Qxb7 Nxb7 18. Ne4 Nxe4 19. Rxe4 Nd6 20. Re2 Bg5 21. Rae1 Rxe2 22. Rxe2 Re8 23. Rxe8+ Nxe8 24. Kg2 Nc7 25. Kf3 f5 26. Ba5 Na8 27. h4 Be7 28. Ne6 Kf7 29. Nf4 Bd6 30. Nd5 Ke6 31. Nf4+ Ke5 32. c3 Nc7 33. Nh5 Ne8 34. Nf4 g6 35. cxd4+ cxd4 36. Bb6 Nc7 37. Nh3 Ne6 38. Nf4 Nxf4 39. gxf4+ Kd5 40. Ba5 Bc5 41. Ke2 Be7 42. h5 gxh5 43. f3 Bd6 44. Bd2 Kc6 45. Kf2 Kb6 46. Kg3 Be7 47. Bb4 Bd8 48. Bd6 a5 49. b4 axb4 50. axb4 Kc6 51. Bc5 Kd5 52. Kh3 Bc7 53. Kh4 Bxf4 54. Kxh5 Bd2 55. Kh4 Ke5 56. Kg3 h5 57. Kg2 h4 58. Be7 h3+ 59. Kxh3 Kf4 60. Kg2 Ke3 61. f4 Kxd3 62. Kf3 Kc4 63. Ke2 Bxb4 0-1

[Event "DFMMLV 2024"]
[Site "Braunfels"]
[Date "2024.05.31"]
[Round "3.53"]
[White "Lebioda-Dette, Kordula"]
[Black "Geletzke, Hannah"]
[Result "0-1"]
[ECO "B50"]
[WhiteElo "1821"]
[BlackElo "1753"]
[Annotator "NA RC"]
[PlyCount "84"]
[EventDate "2024.05.30"]
[EventType "team-tourn"]
[EventCountry "GER"]
[SourceTitle "playchess.com"]
[Source "ChessBase"]
[SourceQuality "1"]
[TimeControl "40/5400+30:1800+30"]

1. e4 c5 2. Nf3 d6 3. Be2 Nf6 4. d3 g6 5. O-O Bg7 6. c3 O-O 7. h3 Nbd7 8. Na3 a6 9. Nc2 b5 10. Be3 Bb7 11. Qc1 Nb6 12. Bh6 c4 13. Bxg7 Kxg7 14. e5 dxe5 15. dxc4 Nxc4 16. Ne3 Nxe3 17. Qxe3 e4 18. Nh2 Qc7 19. Ng4 Rad8 20. Rad1 Nh5 21. Rxd8 Rxd8 22. Rd1 Nf4 23. Rxd8 Nxe2+ 24. Qxe2 Qxd8 25. Ne3 Qd6 26. Qd1 Qxd1+ 27. Nxd1 Kf6 28. Kf1 Ke5 29. Ke2 f5 30. g3 g5 31. Ne3 f4 32. gxf4+ gxf4 33. Nc2 Bc8 34. h4 Kf5 35. Nd4+ Kg4 36. f3+ exf3+ 37. Nxf3 Bb7 38. Ng5 h6 39. Ne6 Bd5 40. Nc7 Bxa2 41. Nxa6 Kxh4 42. Nb4 Kg3 0-1

[Event "DFMMLV 2024"]
[Site "Braunfels"]
[Date "2024.06.01"]
[Round "4.1"]
[White "Voicu-Jagodzinsky, Carmen"]
[Black "Klek, Hanna Marie"]
[Result "1/2-1/2"]
[ECO "B32"]
[WhiteElo "2228"]
[BlackElo "2294"]
[Annotator "RC"]
[PlyCount "63"]
[EventDate "2024.05.30"]
[EventType "team-tourn"]
[EventCountry "GER"]
[SourceTitle "playchess.com"]
[Source "ChessBase"]
[SourceQuality "1"]
[TimeControl "40/5400+30:1800+30"]

1. e4 c5 2. Nf3 Nc6 3. d4 cxd4 4. Nxd4 e5 5. Nb5 d6 6. c4 Be6 7. Bd3 g6 8. O-O a6 9. N5c3 Nf6 10. Nd5 Bxd5 11. cxd5 Nd4 12. Bg5 Bg7 13. Nd2 O-O 14. Nb3 h6 15. Be3 Nd7 16. Rc1 Rc8 17. Rxc8 Qxc8 18. Qd2 h5 19. Rc1 Qb8 20. Qc3 Nxb3 21. Qxb3 Rc8 22. Qd1 Bf6 23. g3 Rc7 24. Bf1 Bd8 25. Bh3 Nf6 26. f3 Kg7 27. Qd2 Ng8 28. Kg2 Nf6 29. Bh6+ Kg8 30. Be3 Kg7 31. Bh6+ Kg8 32. Be3 1/2-1/2

[Event "DFMMLV 2024"]
[Site "Braunfels"]
[Date "2024.06.01"]
[Round "4.2"]
[White "Schneider, Jana"]
[Black "Kulovana, Eva"]
[Result "1-0"]
[ECO "C42"]
[WhiteElo "2300"]
[BlackElo "2165"]
[Annotator "RC"]
[PlyCount "79"]
[EventDate "2024.05.30"]
[EventType "team-tourn"]
[EventCountry "GER"]
[SourceTitle "playchess.com"]
[Source "ChessBase"]
[SourceQuality "1"]
[TimeControl "40/5400+30:1800+30"]

1. e4 e5 2. Nf3 Nf6 3. Nxe5 d6 4. Nf3 Nxe4 5. Bd3 Nf6 6. O-O Be7 7. c3 O-O 8. Bc2 b6 9. d4 Bb7 10. Bg5 Nbd7 11. Re1 Re8 12. Nbd2 Nf8 13. Nf1 Ng6 14. Ng3 Nd7 15. Bd2 a6 16. Re3 Ndf8 17. Nf5 Bf6 18. Rxe8 Qxe8 19. h4 Ne6 20. h5 Ngf4 21. N3h4 Qb5 22. Kh2 Bxh4 23. Bxf4 Nxf4 24. Qg4 Bf6 25. Qxf4 Qxb2 26. Rc1 Re8 27. Bd3 Qxa2 28. c4 Qa3 29. Rd1 Qa4 30. Rc1 Bc8 31. Nxg7 Bxg7 32. h6 Qa5 33. c5 bxc5 34. Qg5 Kf8 35. hxg7+ Kg8 36. Qh6 f5 37. Bc4+ Be6 38. Bxe6+ Rxe6 39. Qxe6+ Kxg7 40. dxc5 1-0

[Event "DFMMLV 2024"]
[Site "Braunfels"]
[Date "2024.06.01"]
[Round "4.3"]
[White "Trunz, Michelle"]
[Black "Hrebenshchykova, Yelyzaveta"]
[Result "1/2-1/2"]
[ECO "E48"]
[WhiteElo "2048"]
[BlackElo "2272"]
[Annotator "RC"]
[PlyCount "109"]
[EventDate "2024.05.30"]
[EventType "team-tourn"]
[EventCountry "GER"]
[SourceTitle "playchess.com"]
[Source "ChessBase"]
[SourceQuality "1"]
[TimeControl "40/5400+30:1800+30"]

1. d4 Nf6 2. c4 e6 3. Nc3 Bb4 4. e3 O-O 5. Bd3 d5 6. Nge2 dxc4 7. Bxc4 c5 8. O-O cxd4 9. exd4 Nbd7 10. Bg5 Nb6 11. Bd3 Bd7 12. Be4 Bc6 13. Bxc6 bxc6 14. Ne4 Be7 15. Bxf6 Bxf6 16. Rc1 Be7 17. Qd3 Qd5 18. Nf4 Qf5 19. Qe3 Rac8 20. Ng3 Qg5 21. Ne4 Qb5 22. Nc5 Bg5 23. Qg3 Bxf4 24. Qxf4 Qxb2 25. a4 Rfd8 26. Rfd1 Nd5 27. Qf3 Rb8 28. g3 h6 29. a5 Ne7 30. Qe4 Qa2 31. a6 Rb4 32. Nb7 Rd7 33. Nc5 Rd8 34. Nb7 Rd5 35. Nc5 Nf5 36. Nxe6 fxe6 37. Qxe6+ Kh7 38. Rxc6 Rb8 39. g4 Nh4 40. Qe4+ Kh8 41. Qf4 Rbd8 42. Rxh6+ gxh6 43. Qxh6+ Kg8 44. Qe6+ Kg7 45. Qe7+ Kg6 46. Qe6+ Kg5 47. Qe7+ Kxg4 48. h3+ Kh5 49. Qh7+ Kg5 50. f4+ Kf6 51. Qxh4+ Kf7 52. Qh7+ Kf6 53. Qh6+ Kf7 54. Qh7+ Kf6 55. Qh6+ 1/2-1/2

[Event "DFMMLV 2024"]
[Site "Braunfels"]
[Date "2024.06.01"]
[Round "4.4"]
[White "Bardorz, Jana"]
[Black "Hess, Olena"]
[Result "1/2-1/2"]
[ECO "C41"]
[WhiteElo "2051"]
[BlackElo "2041"]
[Annotator "NA RC"]
[PlyCount "113"]
[EventDate "2024.05.30"]
[EventType "team-tourn"]
[EventCountry "GER"]
[SourceTitle "playchess.com"]
[Source "ChessBase"]
[SourceQuality "1"]
[TimeControl "40/5400+30:1800+30"]

1. e4 d6 2. d4 Nf6 3. Nc3 e5 4. Nf3 Nbd7 5. Bc4 Be7 6. O-O O-O 7. Re1 c6 8. a4 Qc7 {[%emt 0:00:30] 8...h6 is setting a new trend.} 9. h3 b6 10. Nh4 {[%emt 0:03:40] C41: Philidor Defence.} g6 11. Bh6 Re8 12. Nf3 Bf8 13. Bxf8 $146 ({Predecessor:} 13. Qd2 Bb7 14. Rad1 Rad8 15. Bg5 Bg7 16. d5 c5 17. Nh2 Ra8 18. Be2 a6 19. Ng4 Nxg4 20. hxg4 {½-½ Belikov,V (2494)-Varavin,V (2399) Alushta Summer 4th 2004 (3)}) 13... Rxf8 14. Qd2 Kg7 15. Rad1 Bb7 16. dxe5 dxe5 17. Qd6 Qxd6 18. Rxd6 Rae8 19. b4 Re7 20. Nh2 Ne8 21. Rd2 Nc7 22. Red1 Nf6 23. f3 Ne6 24. Bxe6 Rxe6 25. Nf1 Re7 26. Ne3 Rc8 27. Nc4 Rcc7 28. Nd6 ({White should try} 28. a5 $16) 28... Bc8 29. Nb1 Be6 30. Na3 Ne8 (30... c5 $5 31. b5 c4 $11) 31. Ndc4 f6 32. Ne3 Red7 $11 33. b5 Rxd2 34. Rxd2 Rd7 35. Rxd7+ Bxd7 36. bxc6 Bxc6 37. Nb5 a6 38. Nc3 Nd6 39. Ned5 b5 40. Nb4 Bd7 41. Nxa6 bxa4 42. Nc5 Bc6 43. N3xa4 f5 44. Nc3 Nc4 45. Nd5 fxe4 46. Ne6+ Kh8 47. fxe4 Nd6 48. Nf6 Nxe4 49. Nd8 Nxf6 50. Nxc6 Nd7 51. Kf2 Kg7 52. Ke3 Kf6 53. Nb4 Ke6 54. Kd3 Kd6 55. Ke4 Nf6+ 56. Ke3 Nd7 57. Ke4 1/2-1/2

[Event "DFMMLV 2024"]
[Site "Braunfels"]
[Date "2024.06.01"]
[Round "4.5"]
[White "Trunz, Elena"]
[Black "Vidonyak, Nellya"]
[Result "0-1"]
[ECO "B12"]
[WhiteElo "2107"]
[BlackElo "2098"]
[Annotator "NA RC"]
[PlyCount "68"]
[EventDate "2024.05.30"]
[EventType "team-tourn"]
[EventCountry "GER"]
[SourceTitle "playchess.com"]
[Source "ChessBase"]
[SourceQuality "1"]
[TimeControl "40/5400+30:1800+30"]

1. e4 d6 2. d4 c6 3. Nc3 Qc7 4. Nf3 e5 5. Be3 Nf6 6. h3 {[%emt 0:02:11] B12: Caro-Kann: Advance Variation.} b5 7. a3 Bb7 8. g4 a6 9. g5 exd4 10. Nxd4 Nfd7 11. Qd2 c5 {[%emt 0:02:23] [#]} 12. Nf5 (12. Nb3 $1 $16) 12... g6 13. Nh6 Nb6 14. O-O-O N8d7 15. Nd5 Bxd5 16. exd5 Bxh6 17. gxh6 O-O-O 18. h4 Rde8 19. Bf4 f6 20. Bg3 (20. Qc3 $14 {is more appropriate.}) 20... Ne5 (20... Rhf8 $11) 21. Bh3+ f5 22. h5 Nbc4 23. Qc3 Kb7 ({Better is} 23... g5 $1 $14) 24. hxg6 hxg6 {[%emt 0:00:10] [#]} 25. Bf4 $2 (25. Rde1 $1 $18) 25... a5 $2 (25... Qd8 $11 {and Black has nothing to worry.}) 26. Rdg1 b4 27. Qb3 Qd7 {[%emt 0:04:49] [#]} 28. axb4 (28. Bf1 $1 $16) 28... axb4 29. Kb1 {[%emt 0:00:58] [#]} Ra8 $17 30. Rd1 Qd8 31. c3 Qh4 32. cxb4 Qxf4 33. bxc5+ Kc8 34. Qc2 Rb8 0-1

[Event "DFMMLV 2024"]
[Site "Braunfels"]
[Date "2024.06.01"]
[Round "4.6"]
[White "Wagner, Margarethe"]
[Black "Freitag, Julia"]
[Result "1/2-1/2"]
[ECO "C02"]
[WhiteElo "2011"]
[BlackElo "2084"]
[Annotator "NA RC"]
[PlyCount "60"]
[EventDate "2024.05.30"]
[EventType "team-tourn"]
[EventCountry "GER"]
[SourceTitle "playchess.com"]
[Source "ChessBase"]
[SourceQuality "1"]
[TimeControl "40/5400+30:1800+30"]

1. e4 e6 2. d4 d5 3. e5 c5 4. c3 Nc6 5. Nf3 Qb6 6. a3 c4 7. Nbd2 Na5 8. Be2 Bd7 9. O-O Be7 10. Ne1 {[%emt 0:08:37] C02: French: Advance Variation.} Nb3 11. Nxb3 Ba4 12. Be3 Bxb3 13. Qd2 a5 14. f4 g6 15. g4 h5 16. h3 O-O-O {[%emt 0:07:18] [#]} 17. Ng2 ({Better is} 17. f5 $1 $16) 17... f5 (17... hxg4 $11 18. hxg4 f5) 18. gxh5 gxh5 19. Kh2 Nh6 20. Ne1 Rdg8 21. Rg1 Qd8 22. Nf3 Ng4+ 23. Kh1 Nxe3 24. Qxe3 Bc2 25. Kh2 $11 h4 26. Rxg8 Rxg8 27. Rg1 Be4 28. Rxg8 Qxg8 29. Qg1 Qxg1+ 30. Kxg1 Bxf3 1/2-1/2

[Event "DFMMLV 2024"]
[Site "Braunfels"]
[Date "2024.06.01"]
[Round "4.10"]
[White "Peglau, Dora"]
[Black "Hund, Sarah"]
[Result "1-0"]
[ECO "D37"]
[WhiteElo "2002"]
[BlackElo "1991"]
[Annotator "NA RC"]
[PlyCount "111"]
[EventDate "2024.05.30"]
[EventType "team-tourn"]
[EventCountry "GER"]
[SourceTitle "playchess.com"]
[Source "ChessBase"]
[SourceQuality "1"]
[TimeControl "40/5400+30:1800+30"]

1. d4 d5 2. c4 e6 3. Nc3 Be7 4. Nf3 Nf6 5. Bf4 O-O 6. e3 Nbd7 7. cxd5 Nxd5 8. Nxd5 {[%emt 0:00:58] D37: Queen's Gambit Declined: 5 Bf4.} exd5 9. Bd3 c5 10. O-O c4 11. Bc2 b5 {[%emt 0:04:05] The main line 11...b5 scores better than 11...Nf6.} 12. b3 a5 13. bxc4 dxc4 $146 ({Predecessor:} 13... bxc4 14. h3 Ra6 15. Qe2 Rb6 16. Rfb1 Rb4 17. a3 Rxb1+ 18. Rxb1 Bxa3 19. Rb5 Nf6 {½-½ Ding,L (2811)-Grischuk,A (2745) Speed Chess Chess.com INT blitz 2022 (1.11)}) 14. Qb1 b4 15. Bxh7+ Kh8 16. Be4 Ra7 17. Ne5 ({White should play} 17. Qc2 $16) 17... Nxe5 18. Bxe5 Bb7 19. Bxb7 Rxb7 20. Qe4 Rb5 $2 (20... Qd7 $11 {and Black is okay.}) 21. Qc6 $1 Rxe5 22. dxe5 Qc8 23. Qb5 Qc5 24. Qxc5 Bxc5 25. Rfd1 Rc8 26. Rac1 Bf8 27. Rd4 c3 28. Kf1 (28. Rd7 $5 a4 $8 29. Rb7 $11 (29. Rxf7 $2 {loses.} b3 $19)) 28... a4 $1 29. Rd3 $1 Rb8 30. Ke2 Be7 31. f4 Bd8 32. Rd5 b3 33. axb3 axb3 34. Rxc3 b2 35. Rxd8+ Rxd8 36. Rb3 Kh7 37. Rxb2 Kg6 38. Kf3 Rd1 39. g4 Rf1+ 40. Ke4 Rg1 $18 41. Rb6+ Kh7 42. Kf5 Rh1 43. e6 fxe6+ 44. Rxe6 Rxh2 45. e4 Kg8 46. e5 Kf7 47. Ra6 Rh4 48. Ra7+ Kf8 49. e6 Rh7 50. Rf7+ Ke8 51. g5 Kd8 52. Kg6 Rh4 53. Kxg7 Ke8 54. f5 Rd4 55. f6 Rd7 56. exd7+ 1-0